 Dungeon Crawl Stone Soup version 0.24-a0-201-gf205589 (console) character file.

Game seed: 13795302033818613847

46 bli the Insei (level 3, -1/28 HPs)
             Began as a Draconian Transmuter on Mar 25, 2019.
             Slain by a gnoll
             ... wielding a +0 spear
              (2 damage)
             ... on level 2 of the Dungeon.
             The game lasted 00:02:40 (1185 turns).

bli the Insei (Draconian Transmuter)                Turns: 1185, Time: 00:02:40

Health: -1/28      AC:  7    Str: 12    XL:     3   Next: 44%
Magic:  6/6        EV: 12    Int: 13    God:
Gold:   65         SH:  0    Dex: 12    Spells: 5/6 levels left

rFire    . . .     SeeInvis .     - Unarmed
rCold    . . .     Gourm    .   (no shield)
rNeg     . . .     Faith    .   (armour unavailable)
rPois    .         Spirit   .   (helmet restricted)
rElec    .         Reflect  .   l - +0 cloak
rCorr    .         Harm     .   (no gloves)
MR       +....                  j - +0 pair of boots (curse)
Stlth    +.........             (no amulet)
HPRegen  0.09/turn              i - ring of protection from magic
MPRegen  0.10/turn              (no ring)

@: no status effects
A: unfitting armour, cold-blooded, AC +5
a: no special abilities


You were on level 2 of the Dungeon.
You were not hungry.

You visited 1 branch of the dungeon, and saw 2 of its levels.

You collected 65 gold pieces.

Inventory:

Missiles
 a - 54 arrows
 b - 21 stones (quivered)
 f - 4 curare-tipped needles
Armour
 j - a cursed +0 pair of boots (worn)
 l - a +0 cloak (worn)
Jewellery
 i - a ring of protection from magic (left hand)
Scrolls
 e - 2 scrolls of teleportation {unknown}
 h - 3 scrolls of remove curse {unknown}
 m - a scroll of enchant armour {unknown}
Potions
 g - a potion of curing {unknown}
 k - a potion of heal wounds {unknown}
Comestibles
 c - 2 rations
 d - 5 chunks of flesh


   Skills:
 + Level 1.1 Fighting
 + Level 2.0 Dodging
 * Level 4.4 Unarmed Combat
 - Level 2.0 Spellcasting
 - Level 2.0 Transmutations


You had 5 spell levels left.
You knew the following spells:

 Your Spells              Type           Power        Failure   Level  Hunger
a - Beastly Appendage     Tmut           #.....       11%         1    ##.....

Your spell library contained the following spells:

 Spells                   Type           Power        Failure   Level  Hunger
 Sticks to Snakes         Tmut           #.......     17%         2    ###....
 Spider Form              Tmut/Pois      #.........   45%         3    ####...
 Ice Form                 Ice/Tmut       #.......     86%         4    #####..
 Blade Hands              Tmut           #.........   97%         5    ######.


Dungeon Overview and Level Annotations

Branches:
Dungeon (2/15)

Altars:
Nemelex Xobeh


Innate Abilities, Weirdness & Mutations

Your plain brown scales are hard. (AC +5)
You cannot fit into any form of body armour.
You are cold-blooded and may be slowed by cold attacks.


Message History

You hit the gnoll.
You kill the gnoll!
You barely miss the goblin. You tail-slap the goblin.
The goblin is moderately wounded.
The gnoll misses you.
You closely miss the goblin.
Your tail-slap misses the goblin.
The goblin is moderately wounded.
The goblin completely misses you. The gnoll completely misses you.
You barely miss the goblin.
The goblin is moderately wounded.
The goblin barely misses you. The gnoll misses you.
You completely miss the goblin.
The goblin is moderately wounded.
The goblin hits you. The gnoll closely misses you.
The gnoll completely misses you.
You hit the goblin.
You kill the goblin!
The gnoll hits you from afar with a +0 halberd!
* * * LOW HITPOINT WARNING * * *
The gnoll hits you from afar with a +0 spear.
You die...

g......#.......(.........
##......#.#######'#######.
..#.....#.# #.# #.
#.......#.# #####÷##### #.
#..g...#.# #...'.'...# #.
#.g#.#.# #.###.###.# #.
#..$...# #.# #.# #.# #.
#####..###'###.###'###÷
#g.g.............'÷
##g###'###.###'###. #.@#
#.# #.# #.# #. ...####..#
#.###.###.# #. .........#
#...'.'...# #. ...####..#
#####.##### #. #..# #.# #.
#..# #+# #. #^... #...##
#####


You could see 3 gnolls.

Vanquished Creatures
  A gnoll (D:2)
  A worm (D:2)
  2 dart slugs (D:1)
  A leopard gecko (D:2)
  3 goblins
  3 hobgoblins (D:1)
  2 quokkas (D:2)
  5 bats
  3 frilled lizards
  6 kobolds
  5 rats
32 creatures vanquished.

Notes
Turn   | Place    | Note
-------+----------+-------------------------------------------
     0 | D:1      | bli the Draconian Transmuter began the quest for the Orb.
     0 | D:1      | Reached XP level 1. HP: 16/16 MP: 3/3
   420 | D:1      | Reached XP level 2. HP: 23/23 MP: 5/5
   951 | D:2      | Found a sparkling altar of Nemelex Xobeh.
   992 | D:2      | Reached skill level 4 in Unarmed Combat
  1052 | D:2      | Reached XP level 3. HP: 19/28 MP: 6/6
  1185 | D:2      | HP: 1/28 [gnoll/+0 halberd (13)]
  1185 | D:2      | Slain by a gnoll

Levels and vault maps discovered:
D:1:      enne_arrival_octagon_isle, layout_basic
D:2:      layout_rooms, lemuel_doored_altar, minmay_misc_feat_alley,
          minmay_door_square

Skill      XL: |  1  2  3 |
---------------+----------+-----
Unarmed Combat | 4 |  4.4
Dodging        | 2 |  2.0
Fighting       | |  1.1
Spellcasting   | |  2.0
Transmutations | |  2.0

Action                   || total
-------------------------++-------
Melee: Unarmed           ||    93
       Tailslap          ||    11
       Punch             ||     1
 Stab: Sleeping          ||     1
  Eat: Chunk             ||     1
Armor: Skin              ||    14
Dodge: Dodged            ||    63

Table legend:
 A = Non-vault XP
 B = Vault XP
 C = Vault XP percentage of total XP
 D = Non-vault monster count
 E = Vault monster count
 F = Vault count percentage of total count
                 A         B        C        D         E       F
            +---------+---------+-------+---------+---------+-------
      Total |      66 |       0 |   0.0 |      32 |       0 |   0.0
            +---------+---------+-------+---------+---------+-------
        D:1 |      31 |       0 |   0.0 |      18 |       0 |   0.0
        D:2 |      35 |       0 |   0.0 |      14 |       0 |   0.0
            +---------+---------+-------+---------+---------+-------
